 Dungeon Crawl Stone Soup version 0.29-a0-214-g17f627cfee (webtiles) character file.

Game seed: 3051200400066689571

119863 testman the Brawler (level 16, 0/174 HPs)
             Began as a Troll Monk on Feb 23, 2022.
             Was an Initiate of Gozag.
             Slain by a bunyip (15 damage)
             ... on level 1 of the Swamp on Feb 24, 2022.
             The game lasted 01:42:04 (25268 turns).

testman the Brawler (Troll Monk)                   Turns: 25268, Time: 01:42:06

Health: 0/174      AC: 17    Str: 29    XL:     16   Next: 28%
Magic:  15/15      EV: 13    Int:  6    God:    Gozag
Gold:   9354       SH:  0    Dex: 12    Spells: 12/15 levels left

rFire   + . .      SeeInvis .     - Unarmed
rCold   + . .      Faith    .   (no shield)
rNeg    . . .      Spirit   .   Z - +1 acid dragon scales
rPois   .          Reflect  +   D - +1 hat
rElec   .          Harm     .   C - +2 cloak
rCorr   +          Rampage  .   (gloves unavailable)
Will    ++...                   (boots unavailable)
Stlth   ..........              G - amulet of reflection
HPRegen 1.19/turn               V - ring of Agelof {rF+ rC+ Will+ Stlth-}
MPRegen 0.14/turn               y - +4 ring of protection

@: confused, ambrosia-drunk, gold aura
A: large, unfitting armour, claws 3, regeneration 1, shaggy fur 1, tough skin 1
a: Renounce Religion, Potion Petition, Call Merchant, Bribe Branch


You were on level 1 of the Swamp.
You worshipped Gozag.
Gozag was greatly pleased with you.
You visited 4 branches of the dungeon, and saw 24 of its levels.

You collected 10324 gold pieces.
You spent 970 gold pieces at shops.

Inventory:

Missiles
 i - 49 poisoned darts
 k - 9 curare-tipped darts
 m - 17 boomerangs
 x - a throwing net
 K - 5 javelins
 X - 52 large rocks (quivered)
Armour
 C - a +2 cloak (worn)
 D - a +1 hat (worn)
 Z - +1 acid dragon scales (worn)
Jewellery
 y - a +4 ring of protection (right claw)
 G - an amulet of reflection (around neck)
 H - a +6 ring of intelligence
 N - a ring of ice
 P - a ring of fire
 R - a ring of flight
 V - the ring of Agelof (left claw) {rF+ rC+ Will+ Stlth-}
   (You found it on level 3 of the Lair of Beasts)

   [ring of protection from fire]

   rF:        It protects you from fire.
   rC:        It protects you from cold.
   Will:      It increases your willpower.
   Stlth:     It makes you less stealthy.
Wands
 o - a wand of mindburst (1)
 z - a wand of paralysis (17)
 A - a wand of digging (5)
 E - a wand of polymorph (13)
 S - a wand of iceblast (11)
 Y - a wand of flame (15)
Scrolls
 d - a scroll of brand weapon {unknown}
 f - a scroll of summoning
 l - 2 scrolls of holy word
 q - 3 scrolls of amnesia
 t - 2 scrolls of blinking
 u - 2 scrolls of immolation {unknown}
 v - 4 scrolls of teleportation
 F - 3 scrolls of enchant weapon {unknown}
 L - 2 scrolls of fear {unknown}
 M - a scroll of magic mapping
 O - 2 scrolls of enchant armour
 Q - 5 scrolls of fog
Potions
 a - 3 potions of berserk rage
 b - a potion of heal wounds
 c - a potion of attraction {unknown}
 g - 3 potions of magic
 h - 7 potions of ambrosia
 j - 6 potions of lignification
 n - a potion of resistance {unknown}
 p - a potion of might {unknown}
 r - 2 potions of brilliance
 s - a potion of cancellation
 w - 3 potions of mutation
 B - 2 potions of flight
 J - 9 potions of curing
 T - 4 potions of haste
 U - 2 potions of invisibility
Miscellaneous
 e - a phial of floods
 I - a lightning rod (4/4)


   Skills:
 + Level 14.5 Fighting
 - Level 1.0(6.0) Slings
 + Level 12.2 Throwing
 - Level 10.4 Dodging
 - Level 1.0 Stealth
 + Level 17.1 Unarmed Combat
 - Level 3.1 Translocations


You had 12 spell levels left.
You knew the following spells:

 Your Spells              Type           Power      Damage    Failure   Level
a - Blink                 Tloc           6%         N/A       26%         2
b - Apportation           Tloc           6%         N/A       17%         1

Your spell library contained the following spells:

 Spells                   Type           Power      Damage    Failure   Level
 Lesser Beckoning         Tloc           3%         N/A       45%         3
 Magic Dart               Conj           0%         1d3       52%         1
 Corpse Rot               Necr/Air       0%         N/A       65%         2
 Searing Ray              Conj           0%         2d4       65%         2
 Passage of Golubria      Tloc           3%         N/A       86%         4
 Tukima's Dance           Hex            0%         N/A       87%         3
 Dispel Undead            Necr           0%         3d6       99%         4
 Fulminant Prism          Conj/Hex       0%         3d6       99%         4
 Manifold Assault         Tloc           3%         N/A       99%         5
 Alistair's Intoxication  Tmut/Pois      0%         N/A       100%        5
 Yara's Violent Unravell  Hex/Tmut       0%         3d3       100%        5
 Death Channel            Necr           0%         N/A       100%        6


Dungeon Overview and Level Annotations

Branches:
Dungeon (15/15) Temple (0/1) D:7 Lair (6/6) D:8 Swamp (1/4) Lair:2 Snake (0/4) Lair:2 Slime (0/5) Lair:6 Orc (2/2) D:10 Elf (0/3) Orc:2 Vaults (0/5) D:12 D:13 Depths (0/4) D:15

Altars:
Cheibriados
Gozag
Okawaru
Sif Muna
Uskayaw
Wu Jian
Xom
The Shining One
Jiyva
Lugonu

Shops:
D:2 (   D:3 *   Orc:2 :[*(=

Portals:
Abyss: Lair:6


Innate Abilities, Weirdness & Mutations

You are too large for most types of armour.
You have claws for hands.
Your natural rate of healing is unusually fast.
You are covered in fur. (AC +1)
You have tough skin. (AC +1)


Message History

Here: a bunyip Item here: 16 gold pieces.
The floor.
You barely miss the bunyip. You scratch the bunyip.
The bunyip is lightly wounded.
You mangle the bunyip!!
The bunyip is moderately wounded.
You mangle the bunyip!!
The bunyip is severely wounded.
The bunyip claws you but does no damage.
The bunyip claws you!! The bunyip claws you!
* * * LOW HITPOINT WARNING * * *
The bunyip claws you!
* * * LOW HITPOINT WARNING * * *
The bunyip claws you!!
* * * LOW HITPOINT WARNING * * *
The bunyip misses you.
Okay, then.
Okay, then.
Unknown command.
Press: ? - help, v - describe, . - travel, g - get item
Here: a bunyip Item here: 16 gold pieces.
The floor.
Press: ? - help, v - describe, . - travel
Here: a bunyip (severely wounded, catching its breath)
The floor, spattered with blood.
You feel much better.
You are confused.
You feel invigorated.
A bog body comes into view.
You eviscerate the bunyip!!!
You kill the bunyip!
The bunyip claws you but does no damage.
The bunyip claws you!!
* * * LOW HITPOINT WARNING * * *
The bunyip claws you!
You die...
Your body crumbles into a pile of gold.

.♣.......♣♣ ♣♣≈≈♣♣
....≈..≈≈.♣♣ ♣♣...♣.
...≈≈≈≈≈.♣ ♣...... ≈♣
.....≈≈.♣ ♣♣..>... ≈..
#.#..≈.. ♣.≈≈.≈≈≈ ≈≈.≈
#?#.≈≈♣♣♣ ♣♣≈.≈..≈≈
..≈..#.#.§.§≈♣♣♣≈♣≈.....
.n.....$...≈.≈♣.≈...♣♣♣♣
♣....x@.....♣♣≈..≈♣♣
....#.##..≈..≈♣≈.♣♣♣ .
.. #.≈≈≈≈.≈..≈♣♣ #..
.....≈≈≈.)...?♣ ...
#..≈♣.....)♣.♣♣ #.
......≈.....≈.♣♣ .
......≈.....§≈≈♣
≈..≈.≈≈♣♣.....♣♣ ≈..≈♣
♣...≈.♣


You could see a bunyip and a bog body.

Vanquished Creatures
  Agnes (D:15)
  An orc warlord (Orc:2)
  The ghost of Dowoeg the Nimble, a journeyman DjWn of Fedhas (Lair:5)
  2 eleionomae (Swamp:1)
  Nessos (D:14)
  2 bunyips (Swamp:1)
  A fire dragon (D:15)
  Fannar (Lair:3)
  An ice dragon (D:15)
  15 hydras
  A catoblepas (Lair:6)
  A boulder beetle (Lair:3)
  An alligator (Swamp:1)
  6 death yaks (Lair:5)
  4 two-headed ogres
  5 centaur warriors
  2 death knights (D:15)
  2 tengu warriors (D:14)
  3 orc high priests (Orc:2)
  3 thrashing horrors (Lair:6)
  Urug (D:13)
  A goliath frog (Swamp:1)
  A large abomination (Lair:6)
  3 bog bodies
  2 deep elf pyromancers
  7 orc knights
  7 orc sorcerers
  2 phantasmal warriors (D:15)
  2 moths of wrath (Swamp:1)
  10 elephants
  10 cyclopes
  Maurice (Orc:2)
  A manticore (D:12)
  9 ugly things
  6 black mambas
  A black mamba (shapeshifter) (D:14)
  15 cane toads
  4 unseen horrors
  2 torpor snails
  An efreet (D:15)
  8 komodo dragons
  2 kobold demonologists
  3 rime drakes
  An unseen horror (shapeshifter) (D:15)
  A tengu conjurer (D:15)
  2 ancient zymes (Lair:6)
  A queen bee (D:10)
  3 freezing wraiths
  6 trolls
  5 polar bears
  A wind drake (shapeshifter) (D:15)
  6 tyrant leeches (Swamp:1)
  5 meliai (D:15)
  2 hornets (Swamp:1)
  40 blink frogs
  4 dream sheep
  3 spriggans
  71 yaks
  3 wraiths
  3 ynoxinuls (Lair:6)
  Grum (D:11)
  Eustachio (D:4)
  16 humans
  7 wyverns
  4 chaos spawn (Lair:6)
  4 vampire mosquitoes (D:11)
  8 basilisks
  3 wargs
  6 swamp worms (Swamp:1)
  2 nagas (Lair:2)
  15 water moccasins
  An acid dragon (D:13)
  Duvessa (D:6)
  3 swamp drakes (Swamp:1)
  47 orc warriors
  A sky beast (D:6)
  2 ice beasts (D:8)
  7 black bears
  A necrophage (D:4)
  6 ogres
  31 wolves
  18 centaurs
  The ghost of pigah the Gusty, an amateur OpAE of Nemelex Xobeh (D:3)
  5 kobold brigands
  A gnoll sergeant (D:10)
  12 bullfrogs
  A scorpion (D:7)
  11 small abominations (Lair:6)
  Dowan (D:6)
  A water moccasin skeleton (D:2)
  36 killer bees
  4 wights (D:6)
  10 howler monkeys
  An electric eel (D:9)
  4 centaur zombies
  26 orc priests
  2 bullfrog skeletons (D:5)
  A centaur skeleton (D:3)
  A jelly (D:6)
  33 orc wizards
  A killer bee zombie (D:5)
  8 adders
  11 gnolls
  3 ufetubi
  An adder skeleton (D:4)
  4 worms
  5 dart slugs
  100 orcs
  5 ball pythons
  9 bats
  9 endoplasms
  4 giant cockroaches
  9 goblins
  4 hobgoblins
  3 quokkas
  2 frilled lizards
  32 kobolds
  2 rats
858 creatures vanquished.

Vanquished Creatures (collateral kills)
  Rupert (D:13)
1 creature vanquished.

Vanquished Creatures (others)
  An orc wizard (Orc:2)
  45 fungi
  41 plants
87 creatures vanquished.

Grand Total: 946 creatures vanquished

Notes
Turn   | Place    | Note
-------+----------+-------------------------------------------
     0 | D:1      | testman the Troll Monk began the quest for the Orb.
     0 | D:1      | Reached XP level 1. HP: 22/22 MP: 0/0
   255 | D:1      | Reached XP level 2. HP: 29/29 MP: 1/1
   261 | D:1      | Found a faded altar of an unknown god.
   264 | D:1      | Prayed at the altar of an unknown god.
   264 | D:1      | Became a worshipper of Gozag Ym Sagoz the Greedy
   612 | D:1      | Reached XP level 3. HP: 37/37 MP: 2/2
   708 | D:2      | Reached skill level 4 in Unarmed Combat
   708 | D:2      | Reached XP level 4. HP: 35/45 MP: 3/3
  1182 | D:2      | Reached XP level 5. HP: 50/54 MP: 4/4
  1335 | D:2      | Found Dunuih's Weapon Emporium.
  1573 | D:3      | Found a transporter.
  1577 | D:3      | Noticed pigah's ghost (amateur OpAE)
  1578 | D:3      | Found a transporter.
  2054 | D:3      | Found Miben's General Store.
  2074 | D:3      | Bought a potion of cancellation for 104 gold pieces
  2141 | D:3      | Found an opulent altar of Gozag.
  2286 | D:3      | Reached skill level 5 in Unarmed Combat
  2301 | D:3      | Killed pigah's ghost
  2302 | D:3      | Reached XP level 6. HP: 54/63 MP: 5/5
  2426 | D:4      | Reached skill level 5 in Fighting
  2426 | D:4      | Reached skill level 6 in Unarmed Combat
  2426 | D:4      | Reached XP level 7. HP: 40/72 MP: 6/6
  2459 | D:4      | Noticed Eustachio
  2746 | D:4      | Killed Eustachio
  3010 | D:4      | Reached skill level 7 in Unarmed Combat
  3045 | D:4      | Reached XP level 8. HP: 75/83 MP: 7/7
  3214 | D:5      | Entered Level 5 of the Dungeon
  3447 | D:5      | You fall into a shaft and drop 3 floors!
  3601 | D:8      | Reached skill level 8 in Unarmed Combat
  3701 | D:8      | Reached skill level 9 in Unarmed Combat
  3701 | D:8      | Reached XP level 9. HP: 55/93 MP: 8/8
  3739 | D:7      | Found a staircase to the Ecumenical Temple.
  4009 | D:6      | Noticed Duvessa
  4011 | D:6      | Noticed Dowan
  4048 | D:6      | Killed Duvessa
  4057 | D:6      | Killed Dowan
  4565 | D:6      | Reached skill level 10 in Unarmed Combat
  4842 | D:6      | Reached skill level 1 in Slings
  5534 | D:7      | Reached XP level 10. HP: 100/106 MP: 9/9
  5937 | D:8      | Found a staircase to the Lair.
  6633 | D:9      | Reached skill level 11 in Unarmed Combat
  6844 | D:9      | Reached skill level 5 in Dodging
  7185 | D:9      | Noticed a cyclops
  7191 | D:9      | Killed a cyclops
  7590 | D:10     | Entered Level 10 of the Dungeon
  7634 | D:10     | Reached skill level 1 in Throwing
  7750 | D:10     | Found a glowing golden altar of the Shining One.
  7819 | D:10     | Reached XP level 11. HP: 106/117 MP: 10/10
  8052 | D:10     | Reached skill level 10 in Fighting
  8183 | D:10     | Found an iron altar of Okawaru.
  8340 | D:10     | Found a shimmering altar of Xom.
  8489 | D:10     | Found a staircase to the Orcish Mines.
  8709 | D:11     | Noticed a five-headed hydra
  8827 | Lair:1   | Entered Level 1 of the Lair of Beasts
  8850 | Lair:1   | Reached skill level 12 in Unarmed Combat
  9808 | Lair:2   | Reached XP level 12. HP: 43/128 MP: 11/11
  9960 | Lair:2   | Noticed a five-headed hydra
  9971 | Lair:2   | Killed a five-headed hydra
  9972 | Lair:2   | Reached skill level 5 in Throwing
 10030 | Lair:2   | Noticed a six-headed hydra
 10045 | Lair:2   | Killed a seven-headed hydra
 10167 | Lair:2   | Found a staircase to the Swamp.
 10378 | Lair:2   | Noticed a six-headed hydra
 10431 | Lair:2   | Noticed an eight-headed hydra
 10440 | Lair:2   | Killed an eight-headed hydra
 10441 | Lair:2   | Reached skill level 13 in Unarmed Combat
 10689 | Lair:2   | Killed a seven-headed hydra
 10760 | Lair:2   | Found a staircase to the Snake Pit.
 11364 | Lair:3   | Identified the ring of Agelof {rF+ rC+ Will+ Stlth-}
 11517 | Lair:3   | Noticed Fannar
 11530 | Lair:3   | Killed Fannar
 11733 | Lair:3   | Found an ornate altar of the Wu Jian Council.
 11733 | Lair:3   | Noticed a boulder beetle
 11744 | Lair:3   | Killed a boulder beetle
 11745 | Lair:3   | Reached XP level 13. HP: 53/137 MP: 12/12
 11745 | Lair:3   | Found a hide-covered altar of Uskayaw.
 13342 | Lair:5   | Reached skill level 14 in Unarmed Combat
 13697 | Lair:5   | Found a runed translucent gate.
 13697 | Lair:5   | Found a runed translucent gate.
 13697 | Lair:5   | Found a runed translucent gate.
 13699 | Lair:5   | Noticed Dowoeg's ghost (journeyman DjWn)
 13735 | Lair:5   | Killed Dowoeg's ghost
 14371 | Lair:6   | Entered Level 6 of the Lair of Beasts
 14372 | Lair:6   | Found a staircase to the Slime Pits.
 14378 | Lair:6   | Found a viscous altar of Jiyva.
 14595 | Lair:6   | Reached XP level 14. HP: 136/150 MP: 13/13
 14745 | Lair:6   | Learned a level 2 spell: Blink
 15078 | Lair:6   | Reached skill level 1 in Translocations
 15452 | Lair:6   | Reached skill level 10 in Dodging
 15983 | Lair:6   | Reached skill level 15 in Unarmed Combat
 16388 | Lair:6   | Found a corrupted altar of Lugonu.
 16388 | Lair:6   | Found a one-way gate to the infinite horrors of the Abyss.
 17211 | D:11     | Noticed Grum
 17237 | D:11     | Killed Grum
 18778 | D:13     | Noticed Urug
 18778 | D:13     | Noticed Rupert
 18778 | D:13     | Found a gate to the Vaults.
 18849 | Orc:1    | Entered Level 1 of the Orcish Mines
 18927 | D:10     | Reached skill level 10 in Throwing
 18966 | D:10     | Reached XP level 15. HP: 85/159 MP: 14/14
 19482 | Orc:2    | Entered Level 2 of the Orcish Mines
 19537 | Orc:2    | Found a staircase to the Elven Halls.
 19559 | Orc:2    | Noticed Maurice
 19567 | Orc:2    | Killed Maurice
 20185 | Orc:2    | Found Cejesac's Self-Improvement Boutique.
 20455 | Orc:2    | Noticed an orc warlord
 20655 | Orc:2    | Killed an orc warlord
 20764 | Orc:2    | Paralysed by an orc sorcerer for 3 turns
 21179 | Orc:2    | Found Socw's General Store.
 21180 | Orc:2    | Found Gach's Jewellery Emporium.
 21182 | Orc:2    | Found Cuitrim's Antique Armour Shoppe.
 21182 | Orc:2    | Found Qihomp's Antique Weapon Shoppe.
 21197 | Orc:2    | Bought a potion of haste for 150 gold pieces
 21197 | Orc:2    | Bought a potion of curing for 45 gold pieces
 21197 | Orc:2    | Bought a book of Party Tricks for 240 gold pieces
 21199 | Orc:2    | Learned a level 1 spell: Apportation
 21209 | Orc:2    | Bought a runed hat for 238 gold pieces
 21209 | Orc:2    | Bought a fabulously ornate robe for 193 gold pieces
 21209 | Orc:2    | Identified the +1 robe of Ufet {Dex+5} (You bought it in a
                  | shop on level 2 of the Orcish Mines)
 21419 | D:12     | Reached skill level 16 in Unarmed Combat
 21588 | D:13     | Killed Urug
 21631 | D:13     | Killed Rupert
 22644 | D:14     | Upgraded the game from 0.29-a0-207-gf982a884d8 to
                  | 0.29-a0-214-g17f627cfee
 22670 | D:14     | Found a snail-covered altar of Cheibriados.
 22944 | D:14     | Found a shimmering blue altar of Sif Muna.
 23030 | D:14     | Noticed Nessos
 23115 | D:14     | Killed Nessos
 23258 | D:14     | Identified the +1 robe "Zituryan" {-Tele +Inv rC+++ Will+}
 23346 | D:15     | Entered Level 15 of the Dungeon
 23546 | D:15     | Found a staircase to the Depths.
 23731 | D:15     | Noticed Agnes
 23740 | D:15     | Killed Agnes
 23864 | D:15     | Reached XP level 16. HP: 121/172 MP: 15/15
 24667 | Swamp:1  | Entered Level 1 of the Swamp
 24912 | Swamp:1  | Reached skill level 17 in Unarmed Combat
 25268 | Swamp:1  | Slain by a bunyip

Illustrated notes

Levels and vault maps discovered:
D:1:      dpeg_arrival_rooms_a, layout_basic,
          shapermc_ecumenical_altar_hornbeckon, serial_glass, glass_columns_b,
          glass_columns_a
D:2:      layout_loops_cross, serial_shops, nicolae_shop_hallway_plus,
          minmay_box_of_dots
D:3:      layout_basic, nicolae_gozag_cash_rules_everything_around_me,
          serial_shops, shop_coins, gammafunk_ghost_mausoleum, serial_curves,
          eino_curves_03, eino_curves_03, serial_park_tiny_2
D:4:      layout_rooms, nicolae_concentric_dashed_squares_mild, uniq_eustachio
D:5:      layout_basic
D:6:      layout_cave_pools, uniq_duvessa
D:7:      layout_cave_pods, minmay_temple_entry_from_below_b, nrook_mini_vaults
D:8:      layout_basic, grunt_lair_entry_orc_guard_hut, kennysheep_boxes
D:9:      layout_layer_cave, lightli_minifort
D:10:     layout_roguey [special_room_bee], tso_metal_star,
          mainiacjoe_overflow_catch_the_wave, orc_0_dummy
D:11:     layout_irregular_city, uniq_grum
D:12:     layout_stronghold
D:13:     layout_loops_corners, david_vaults_3
D:14:     layout_rooms, lemuel_blue_sif_altar, kennysheep_slug_shrine,
          uniq_nessos
D:15:     grunt_enter_depths_hoard, layout_stronghold, chequers_avenue,
          uniq_agnes
Lair:1:   layout_long_grid
Lair:2:   nzn_winding_woodlands_small [nzn_winding_woodlands_5x15_default,
          nzn_winding_woodlands_center_garden,
          nzn_winding_woodlands_5x15_longhouse], layout_long_grid,
          skrybe_swamp_entry_bodies, guppyfry_snake_entry_island
Lair:3:   layout_cave_pods, minmay_holes, nzn_masters_of_martial_movement,
          uniq_fannar
Lair:4:   layout_regular_city, uniq_rupert
Lair:5:   layout_roguey, ebering_ghost_rock_garden
Lair:6:   hellmonk_lair_end_abyssal_woods, layout_loops_ring, slime_altar_1,
          minivault_23, nicolae_lair_grove_arrangements
Swamp:1:  layout_basic_swamp, evilmike_swamp_ruin_rubble_2, worms_lemuel
Orc:1:    layout_caves
Orc:2:    st_orc_congregation, layout_diamond_mine, nicolae_shop_self_help,
          uniq_maurice

Skill      XL: |  1  2  3  4  5  6  7  8  9 10 11 12 13 14 15 16 |
---------------+-------------------------------------------------+-----
Fighting       | 3 4 5 6 7 8 9 10 11 12 13 14 | 14.5
Unarmed Combat | 4 5 6 7 9 10 11 12 13 14 15 16 17 | 17.1
Slings         | 1 |  1.0
Dodging        | 3 5 7 8 9 10 | 10.4
Throwing       | 1 4 6 8 10 11 12 | 12.2
Translocations | 3 |  3.1
Stealth        | |  1.0

Action                   |  1- 3 |  4- 6 |  7- 9 | 10-12 | 13-15 | 16-18 || total
-------------------------+-------+-------+-------+-------+-------+-------++-------
Melee: Unarmed           |    57 |   165 |   312 |   614 |  1230 |   145 ||  2523
       Punch             |     1 |     1 |    21 |    47 |   114 |    12 ||   196
Throw: Dart              |       |    10 |     6 |     1 |     2 |       ||    19
       Boomerang         |       |       |     7 |    48 |    68 |       ||   123
       Large rock        |       |       |       |     9 |    97 |    14 ||   120
 Cast: Blink             |       |       |       |       |     2 |       ||     2
Evoke: Wand              |       |       |       |     1 |     3 |       ||     4
       Phial of floods   |       |       |       |     1 |       |       ||     1
  Use: Scroll            |       |       |       |     7 |    20 |       ||    27
       Potion            |       |       |       |       |     2 |     2 ||     4
 Stab: Sleeping          |     3 |     1 |       |     2 |       |       ||     6
       Distracted        |       |       |     4 |    12 |     4 |     3 ||    23
Armor: Robe              |    26 |    62 |   107 |   224 |    41 |       ||   460
       Acid dragon scale |       |       |       |       |   452 |    36 ||   488
Dodge: Dodged            |    20 |    88 |   141 |   353 |   671 |    39 ||  1312
Block: Other             |       |       |       |       |   155 |    19 ||   174
       Reflection        |       |       |       |       |    17 |     1 ||    18

Table legend: (Time is in decaauts)
 A = Elapsed time spent in this place.
 B = Non-inter-level travel time spent in this place.
 C = Inter-level travel time spent in this place.
 D = Time resting spent in this place.
 E = Time spent auto-exploring this place.
 F = Levels seen in this place.
 G = Mean time per level.
                   A        B        C        D        E       F      G
               +--------+--------+--------+--------+--------+-----+--------+
         Total |  24877 |  23317 |   1560 |   2273 |  15483 |  24 | 1036.5 |
       Dungeon |  14395 |  13295 |   1100 |   1121 |   9226 |  15 |  959.7 |
          Lair |   7744 |   7406 |    338 |    913 |   4839 |   6 | 1290.7 |
         Swamp |    631 |    631 |      0 |    124 |    261 |   1 |  631.0 |
  Orcish Mines |   2106 |   1985 |    121 |    114 |   1155 |   2 | 1053.0 |
               +--------+--------+--------+--------+--------+-----+--------+

Top non-repeatable levels by time:
  Lair:6: 1976 daAuts
   Orc:2: 1747 daAuts
  Lair:2: 1672 daAuts
     D:9: 1547 daAuts
    D:10: 1404 daAuts
    D:12: 1283 daAuts
  Lair:3: 1218 daAuts
  Lair:5: 1208 daAuts
    D:13: 1177 daAuts
    D:15: 1103 daAuts
    D:11: 963 daAuts
     D:8: 946 daAuts
     D:7: 939 daAuts
  Lair:4: 913 daAuts
     D:3: 893 daAuts
